 Dungeon Crawl Stone Soup version 0.27.1-34-g3ba077fa99 (webtiles) character file.

Game seed: 9811897138225109111

2320417 Zappman123 the Sorcerer (level 27, 126/184 HPs)
             Began as a Djinni Warper on Jan 1, 2022.
             Was an Initiate of Gozag.
             Escaped with the Orb
             ... and 4 runes on Jan 3, 2022!
             The game lasted 12:28:51 (69247 turns).

Zappman123 the Sorcerer (Djinni Warper)            Turns: 69247, Time: 12:28:52

Health: 126/184    AC: 28    Str: 33      XL:     27
Gold:   2591       EV: 22    Int: 16 (19) God:    Gozag SH: 20 Dex: 16

rFire    + + .     SeeInvis +   a - staff of conjuration
rCold    + + .     Faith    .   c - +5 kite shield {reflect}
rNeg     + + +     Spirit   .   Q - +1 ring mail of Whack-A-Mole {rC+ Str+2}
rPois    ∞         Reflect  +   M - +2 helmet {SInv}
rElec    +         Harm     .   h - +1 cloak "Rurch" {Str+6 Dex+3 Slay-4 SInv}
rCorr    +         Rampage  .   U - +3 pair of gauntlets of War {Slay+5}
Will     ++++.                  (boots unavailable)
Stlth    +.........             Z - amulet "Nezxobe" {Regen+ Stlth+}
HPRegen  2.40/turn              o - ring of Joen {rC+ Will+}
MPRegen  0.00/turn              y - ring "Getoz" {rElec rN+ rCorr Str+8 Stlth-}

@: lich-form, flying, very slightly contaminated, studying 3 skills
A: draining attack, torment immunity, flying, no potions, sickness immunity,
fire resistance 2, cold vulnerability 1, float, innate caster, hp casting, extra
vitality 1, clumsy 1, frail 1, regeneration 1
0: Orb of Zot
}: 4/15 runes: decaying, serpentine, slimy, silver
a: End Transformation, Renounce Religion, Potion Petition, Call Merchant, Bribe
Branch


You escaped.
You worshipped Gozag.
Gozag was most pleased with you.
You were an undead lich.
You visited 12 branches of the dungeon, and saw 58 of its levels.
You also visited: Ossuary, Gauntlet and Ice Cave.

You collected 32267 gold pieces.
You spent 5732 gold pieces at shops.
You paid 23944 gold pieces to Gozag.

Inventory:

Hand Weapons
 b - a +9 vampiric double sword
Armour
 c - a +5 kite shield of reflection (worn)
 h - the +1 cloak "Rurch" (worn) {Str+6 Dex+3 Slay-4 SInv}
   (You found it on level 3 of the Elven Halls)

   Str:       It affects your strength (+6).
   Dex:       It affects your dexterity (+3).
   Slay:      It affects your accuracy & damage with ranged weapons and melee
   (-4).
   SInv:      It lets you see invisible.
 M - a +2 helmet of see invisible (worn)
 Q - the +1 ring mail of Whack-A-Mole (worn) {rC+ Str+2}
   (You bought it in a shop on level 1 of the Elven Halls)

   Str:       It affects your strength (+2).
   rC:        It protects you from cold.
 U - the +3 pair of gauntlets of War (worn) {Slay+5}
   (You bought it in a shop on level 2 of the Orcish Mines)

   Slay:      It affects your accuracy & damage with ranged weapons and melee
   (+5).
 W - the +1 cloak of Virtue {rN+}
   (You found it in a Gauntlet)

   rN:        It protects you from negative energy.
Magical Staves
 a - a staff of conjuration (weapon)
Jewellery
 d - the ring of Cosunoipt {rC+ Will+}
   (You took it off a deep elf death mage on level 3 of the Elven Halls)

   [ring of protection from cold]

   rC:        It protects you from cold.
   Will:      It increases your willpower.
 g - the ring of Opoal {rElec rF+ rN+ MP+9}
   (You took it off a wight on level 3 of the Crypt)

   [ring of positive energy]

   rF:        It protects you from fire.
   rElec:     It insulates you from electricity.
   rN:        It protects you from negative energy.
   MP:        It affects your magic capacity (+9).
 i - the ring of Ypokovob {rElec rF+ SInv Stlth+}
   (You found it on level 5 of the Pits of Slime)

   [ring of protection from fire]

   rF:        It protects you from fire.
   rElec:     It insulates you from electricity.
   SInv:      It lets you see invisible.
   Stlth:     It makes you more stealthy.
 o - the ring of Joen (left hand) {rC+ Will+}
   (You found it on level 3 of the Crypt)

   [ring of willpower]

   rC:        It protects you from cold.
   Will:      It increases your willpower.
 t - the amulet of Spontaneous Combustion {Acrobat rF+ Regen+ Int-5}
   (You found it on level 1 of the Depths)

   [amulet of the acrobat]

   It increases your evasion while moving and waiting.
   Int:       It affects your intelligence (-5).
   rF:        It protects you from fire.
   Regen:     It increases your rate of health regeneration.
 y - the ring "Getoz" (right hand) {rElec rN+ rCorr Str+8 Stlth-}
   (You found it on level 3 of the Crypt)

   [ring of positive energy]

   Str:       It affects your strength (+8).
   rElec:     It insulates you from electricity.
   rN:        It protects you from negative energy.
   rCorr:     It protects you from acid and corrosion.
   Stlth:     It makes you less stealthy.
 Z - the amulet "Nezxobe" (around neck) {Regen+ Stlth+}
   (You found it on level 3 of the Crypt)

   [amulet of regeneration]

   Regen:     It increases your rate of health regeneration.
   Stlth:     It makes you more stealthy.
Wands
 l - a wand of digging (7)
 v - a wand of acid (14)
 A - a wand of iceblast (67)
 F - a wand of mindburst (50)
 O - a wand of polymorph (14)
Scrolls
 k - 17 scrolls of teleportation
 r - 4 scrolls of magic mapping
 u - 9 scrolls of vulnerability
 x - 4 scrolls of silence
 z - 7 scrolls of enchant armour
 B - 8 scrolls of fear
 C - 4 scrolls of holy word
 G - 4 scrolls of fog
 P - 3 scrolls of enchant weapon
 R - 3 scrolls of blinking
 V - 4 scrolls of summoning
 X - 7 scrolls of immolation
Potions
 m - 3 potions of might
 p - 14 potions of heal wounds
 E - 2 potions of cancellation
 H - 8 potions of attraction
 I - 26 potions of curing
 J - 4 potions of berserk rage
 L - 5 potions of haste
 N - 6 potions of resistance
 Y - 8 potions of brilliance
Miscellaneous
 e - a phantom mirror
 f - a phial of floods
 j - a lightning rod (4/4)
 s - a condenser vane


   Skills:
 - Level 20.0 Fighting
 - Level 14.0 Long Blades
 - Level 0.7 Throwing
 - Level 20.0 Armour
 + Level 19.2 Dodging
 - Level 15.0 Shields
 + Level 21.6 Spellcasting
 - Level 10.0 Evocations


You couldn't memorise any spells.
You knew the following spells:

 Your Spells              Type           Power      Damage    Failure   Level
a - Shock                 Conj/Air       100%       1d9       0%          1
b - Iskenderun's Battles  Conj           92%        2d14      0%          5
c - Orb of Destruction    Conj           46%        9d15      1%          7
d - Iskenderun's Mystic   Conj/Tloc      92%        2d18      0%          4
e - Summon Horrible Thin  Summ           36%        N/A       3%          8
f - Invisibility          Hex            36%        N/A       1%          6
g - Necromutation         Tmut/Necr      46%        N/A       3%          8
h - Sticky Flame          Conj/Fire      92%        2d10      0%          4
i - Dragon's Call         Summ           36%        N/A       43%         9
j - Lesser Beckoning      Tloc           36%        N/A       0%          3
k - Gell's Gravitas       Tloc           36%        N/A       0%          3
l - Simulacrum            Ice/Necr       46%        N/A       1%          6
m - Slow                  Hex            72%        N/A       0%          2
n - Manifold Assault      Tloc           72%        N/A       0%          5
o - Spider Form           Tmut/Pois      36%        N/A       0%          3
p - Teleport Other        Tloc           72%        N/A       0%          3
z - Haunt                 Necr/Summ      46%        N/A       1%          7
C - Blink                 Tloc           N/A        N/A       0%          2
Your spell library was empty.

Dungeon Overview and Level Annotations

Branches:
Dungeon (15/15)            Temple (1/1) D:6            Lair (6/6) D:11
  Swamp (4/4) Lair:4        Snake (4/4) Lair:2        Slime (5/5) Lair:6
    Orc (2/2) D:9             Elf (3/3) Orc:2        Vaults (5/5) D:13
  Crypt (3/3) Vaults:2       Tomb (0/3) Crypt:3      Depths (5/5) D:15
    Zot (5/5) Depths:5    Ossuary (visited)           IceCv (visited)
Gauntlet (visited)

Altars:
Ashenzari
Cheibriados
Dithmenos
Elyvilon
Fedhas
Gozag
Hepliaklqana
Kikubaaqudgha
Makhleb
Nemelex Xobeh
Okawaru
Qazlal
Ru
Sif Muna
Trog
Uskayaw
Vehumet
Wu Jian
Xom
Yredelemnul
Zin
The Shining One
Beogh
Jiyva

Shops:
D:9 =   D:10 [   D:11 [*(   Orc:2 ?*[(*?[   Elf:1 [!*(*   Snake:2 ?[(=*
Vaults:1 *   Vaults:3 =   Zot:3 *   Depths:5 ?

Portals:
Hell: Depths:1 Depths:2 Depths:3 Depths:4 Depths:5
Abyss: Depths:4
Pandemonium: Depths:2 Depths:3 Depths:4
Ziggurat: Depths:2
Trove: Depths:4 (give +3 fire dragon scales)

Annotations:
D:4 Dowan, Duvessa
D:5 1 runed translucent door, Crazy Yiuf
D:8 Gastronok
Swamp:1 exclusion: downstairs
Elf:1 exclusion: downstairs
Vaults:3 exclusion: downstairs
Vaults:4 exclusion: 2 downstairs
Crypt:1 Mara
Depths:2 1 exclusion
Depths:3 3 runed translucent doors, exclusion: upstairs, carontestyx's ghost, adept TrMo
Zot:3 3 runed translucent doors


Innate Abilities, Weirdness & Mutations

You are an undead lich.
Your unarmed attacks are suffused with negative energy.
You are immune to unholy pain and torment.
Your necromantic spells are more powerful.
You are flying.
You cannot drink.
You are immune to sickness and miasma.
You are immune to poison.
Your flesh is very heat resistant. (rF++)
You are vulnerable to cold. (rC-)
You float through the air rather than walking.
You learn spells naturally, not from books.
Your magical power is your life essence.
You have superior vitality. (+4 HP)
You are clumsy. (Dex -2)
You are frail. (-10% HP)
Your natural rate of healing is unusually fast.


Message History

There is a stone staircase leading up here.
Your large abomination barely misses the Orb Guardian.
You fly upwards.
There is a stone staircase leading down here.
An Ice Fiend comes into view.
Unknown command.
Casting: Summon Horrible Things (dangerous; 3% risk of failure)
Confirm with . or Enter, or press ? or * to list all spells.
Casting: Summon Horrible Things (dangerous; 3% risk of failure)
Confirm with . or Enter, or press ? or * to list all spells.
Aiming: Haunt (mildly dangerous; 1% risk of failure)
Aim: an Ice Fiend (ally target) Insubstantial figures form in the air.
The Ice Fiend gestures at you. The bolt of cold hits you!!! You resist.
Unknown command.
You swap places.
Your phantasmal warrior blinks! x2
Casting: Haunt (mildly dangerous; 1% risk of failure)
Confirm with . or Enter, or press ? or * to list all spells.
Your body is suffused with negative energy!
Aiming: Dig A rock wall.
This square is covered in magical glow.
The rock shatters into small pieces.
There is a staircase leading out of the dungeon here.
Casting: Necromutation (dangerous; 3% risk of failure)
Confirm with . or Enter, or press ? or * to list all spells.
Okay, then.
Casting: Necromutation (dangerous; 3% risk of failure)
Confirm with . or Enter, or press ? or * to list all spells.
The spell is quite dangerous to cast (43% risk of failure)!
Continue anyway?
You miscast Dragon's Call.
You are very lightly contaminated with residual magic.
Distant voices call out in your mind.
A nameless horror comes into view.
Here: a nameless horror (durably summoned)
The floor.
The nameless horror hits you!!
You have escaped!

#..#♣.P♣♣♣#.####..♣♣P♣P).
##########.##♣♣♣♣..........♣♣PP.#
.......###.## #######...PPP...)
######..##..#######.#####..P..#..
######.......................##..
.................................
######.......###.###..###....##..
# #......##.X...##.###....##.#
######......#..XL...#...........#
..#.........#X...X.##...#####.###
............X###'###...#### #.# #
...........###.....###....# #.###
..........##.........##...# #.##P
.......>..'.1W..8.....+...# #.#..
..........##W........##...###....
..........####.....###....#....P.
).........# #######......#..♣.♣♣


You could see a nameless horror and 4 friendly large abominations.

Vanquished Creatures
  the Royal Jelly (Slime:5)
  A dread lich (Crypt:3)
  An ancient lich (Crypt:3)
  Boris (Depths:5)
  Bai Suzhen (Vaults:5)
  Xtahua (Vaults:3)
  A golden dragon (Depths:2)
  A curse toe (Crypt:3)
  Jory (Vaults:3)
  A bone dragon (Depths:1)
  An electric golem (Zot:5)
  3 Ice Fiends
  An Orb Guardian (Depths:4)
  Rupert (D:14)
  4 tentacled monstrosities
  4 liches
  3 titans (Vaults:5)
  14 acid blobs
  2 quicksilver dragons (Snake:4)
  2 deep elf master archers (Elf:3)
  8 ancient champions (Crypt:3)
  3 deep elf blademasters
  5 sphinxes
  2 thorn hunters (Swamp:4)
  2 death cobs (Zot:3)
  Kirke (Snake:2)
  6 storm dragons
  6 shadow dragons
  3 tengu reavers
  7 rockslimes
  5 azure jellies
  8 nagarajas (Snake:4)
  4 fire giants
  An orc warlord (Vaults:3)
  Donald (Vaults:4)
  2 iron dragons (Vaults:5)
  3 revenants (Crypt:1)
  A draconian knight (Depths:4)
  5 frost giants
  2 ghost moths
  4 deep elf sorcerers
  13 vault wardens
  A draconian scorcher (Depths:4)
  Aizul (Vaults:3)
  A curse skull (Vaults:3)
  3 ghouls
  6 deep elf elementalists
  2 draconian annihilators
  3 war gargoyles
  A quicksilver ooze (shapeshifter) (Vaults:2)
  10 ironbound preservers
  10 quicksilver oozes
  3 caustic shrike skeletons (Crypt:3)
  6 stone giants
  A juggernaut skeleton (Depths:3)
  10 very ugly things
  8 vampire knights
  12 deep elf demonologists
  2 dire elephants (Vaults:3)
  2 entropy weavers
  8 deep elf annihilators
  A minotaur (Gauntlet)
  7 spark wasps
  A yellow draconian (Zot:2)
  6 bunyips
  A white draconian (Zot:4)
  2 eidola (Crypt:1)
  6 eleionomae
  4 crystal guardians
  13 deep elf death magi
  A mummy priest (Crypt:3)
  8 fire dragons
  A shambling mangrove (Swamp:3)
  7 ettins
  12 yaktaur captains
  5 deep elf high priests
  14 jiangshi
  The ghost of vvlvvlvvl the Grappler, a journeyman DrTm of Yredelemnul (Lair:1)
  A quicksilver dragon skeleton (Crypt:2)
  5 boulder beetles
  A monstrous demonspawn (Depths:4)
  9 great orbs of eyes
  5 ironbound thunderhulks
  36 vault guards
  An ogre mage (D:14)
  6 anacondas
  4 caustic shrike simulacra (IceCv)
  The ghost of Sapher the Arsonist, a journeyman DEFE of Uskayaw (Swamp:2)
  4 catoblepae
  3 rakshasas
  16 centaur warriors
  6 ice dragons
  8 naga warriors
  3 salamander tyrants (Snake:4)
  3 ghost crabs
  A hell beast (Depths:1)
  2 spriggan air magi
  24 hydras
  4 ironbound frosthearts
  3 peacekeepers
  8 alligators
  2 deep troll earth magi
  4 death knights
  2 deep troll shamans
  7 two-headed ogres
  6 death yaks (Lair:6)
  5 tengu warriors
  Urug (Lair:4)
  A hell hog (Depths:3)
  7 vampire magi
  3 spriggan berserkers
  4 soul eaters
  12 naga sharpshooters
  2 hell knights
  4 ironbound beastmasters
  A sun demon (Depths:3)
  9 shock serpents
  3 nameless horrors
  21 deep elf knights
  39 skeletal warriors
  2 salamander mystics
  2 iron trolls (Depths:5)
  5 titan skeletons (Crypt:3)
  A fire crab (shapeshifter) (D:15)
  3 shadow wraiths
  3 goliath frogs
  27 deep trolls
  2 naga ritualists (Snake:4)
  9 wizards
  2 sea snakes
  18 deep elf archers
  19 ironbound convokers
  6 flayed ghosts
  A glowing orange brain (Slime:5)
  8 swamp dragons
  A swamp dragon (shapeshifter) (D:14)
  13 bog bodies
  3 spriggan druids
  2 obsidian statues (IceCv)
  9 phantasmal warriors
  10 lindwurms
  A lindwurm (shapeshifter) (Vaults:5)
  2 anaconda skeletons (Crypt:3)
  21 deep elf zephyrmancers
  Pikel (D:5)
  5 harpies (Vaults:1)
  5 necromancers
  45 deep elf pyromancers
  7 mana vipers
  11 orc knights
  15 salamanders
  An iron dragon zombie (Crypt:2)
  5 manticores
  25 ugly things
  7 cyclopes
  3 orc sorcerers (Orc:1)
  2 will-o-the-wisps
  3 stone giant skeletons
  A goliath frog skeleton (Crypt:1)
  4 fire giant skeletons
  5 oklob plants
  5 moths of wrath
  An iron dragon skeleton (Depths:3)
  3 frost giant skeletons
  9 elephants
  3 eyes of devastation
  11 naga magi
  7 centaur zombies
  30 black mambas
  A guardian serpent (shapeshifter) (Vaults:5)
  6 guardian serpents (Snake:4)
  A dire elephant zombie (Crypt:2)
  3 torpor snails
  2 smoke demons (Depths:3)
  Maurice (D:8)
  21 cane toads
  An unseen horror (D:10)
  A purple draconian zombie (Crypt:3)
  A pale draconian zombie (Crypt:3)
  11 vault sentinels
  19 rime drakes
  A rime drake (shapeshifter) (Depths:4)
  A yaktaur (shapeshifter) (D:15)
  24 yaktaurs
  3 entropy weaver simulacra (IceCv)
  A dire elephant skeleton (Crypt:2)
  14 komodo dragons
  A tormentor (Depths:4)
  An efreet (D:14)
  11 freezing wraiths
  A tengu conjurer (Depths:2)
  2 ice devils
  2 golden dragon simulacra
  6 guardian mummies (Crypt:3)
  A queen bee (Lair:1)
  A meliai (Lair:1)
  6 trolls
  9 tyrant leeches
  13 hornets
  A hornet (shapeshifter) (D:15)
  2 hydra skeletons (Crypt:3)
  A bloated husk (Swamp:2)
  40 slime creatures
  3 polar bears
  A harpy skeleton (Crypt:3)
  A raiju (shapeshifter) (D:15)
  22 blink frogs
  A meliai zombie (D:10)
  An ice dragon zombie (Crypt:3)
  An ettin zombie (Crypt:1)
  18 dream sheep
  3 fire dragon skeletons
  4 redbacks (Vaults:3)
  An ettin skeleton (Crypt:1)
  A tarantella (Vaults:1)
  A black mamba zombie (Crypt:3)
  9 spriggans
  7 water elementals
  4 wyverns
  A yak (shapeshifter) (Elf:1)
  An alligator skeleton (Crypt:3)
  65 yaks
  2 black mamba skeletons
  10 wraiths
  2 vampires (D:12)
  Eustachio (D:3)
  A golden eye (shapeshifter) (D:15)
  2 golden eyes (Slime:3)
  3 hogs (Snake:2)
  6 basilisks
  12 steam dragons
  Edmund (D:4)
  39 nagas
  Menkaure (D:5)
  11 vampire mosquitoes
  3 wargs (Orc:2)
  2 harpy simulacra
  13 swamp worms
  An acid dragon (D:10)
  21 water moccasins
  4 hydra simulacra
  A two-headed ogre skeleton (Crypt:1)
  A cane toad skeleton (Crypt:3)
  A floating eye (Depths:3)
  19 swamp drakes
  A hornet zombie (D:9)
  40 orc warriors
  A snapping turtle zombie (Crypt:1)
  11 ogres
  A swamp dragon zombie (Crypt:3)
  3 necrophages
  5 black bears
  3 ettin simulacra (IceCv)
  4 wolves
  A manticore skeleton (Crypt:3)
  A boggart (Vaults:2)
  16 centaurs
  A swamp dragon skeleton (Crypt:2)
  A dream sheep skeleton (Crypt:2)
  4 lemures
  3 kobold brigands
  A salamander zombie (Crypt:2)
  A komodo dragon zombie (Crypt:2)
  20 bullfrogs
  5 earth elementals
  A gnoll sergeant (D:10)
  A wyvern zombie (D:8)
  A water moccasin zombie (D:6)
  A water moccasin skeleton (D:6)
  A troll zombie (Ossuary)
  22 wights
  10 killer bees
  3 electric eels (D:13)
  A vampire bat (Lair:3)
  A spriggan skeleton (Crypt:2)
  6 howler monkeys
  A wolf zombie (Crypt:2)
  A bullfrog zombie (D:5)
  2 human zombies (Ossuary)
  2 gnoll shamans
  A hound (D:5)
  2 jellies
  A black bear zombie (Crypt:1)
  13 orc priests
  A basilisk skeleton (Crypt:2)
  Jessica (D:2)
  4 iguanas
  10 orc wizards
  2 polar bear simulacra (D:9)
  4 yak simulacra (D:9)
  A wolf simulacrum (D:9)
  A killer bee zombie (D:9)
  2 ogre zombies (Ossuary)
  A tengu skeleton (Crypt:3)
  A tengu zombie (Crypt:2)
  A demigod skeleton (Crypt:3)
  2 ogre skeletons
  A human simulacrum (Crypt:1)
  3 hound skeletons
  7 mummies (Ossuary)
  A howler monkey zombie (D:8)
  A howler monkey skeleton (D:6)
  4 adders
  13 gnolls
  A steam dragon skeleton (Crypt:1)
  2 shadow imps (Gauntlet)
  6 white imps (Gauntlet)
  An ufetubus (D:6)
  4 adder zombies (Ossuary)
  An adder skeleton (D:4)
  A halfling zombie (Crypt:3)
  2 worms
  2 dart slugs
  48 orcs
  8 endoplasms
  2 giant cockroaches (D:3)
  A gnoll zombie (Ossuary)
  10 goblins
  5 hobgoblins
  5 quokkas
  12 bats
  2 frilled lizards (D:2)
  7 goblin zombies (Ossuary)
  5 hobgoblin zombies (Ossuary)
  24 kobolds
  2 kobold zombies (Ossuary)
  2 quokka zombies (Ossuary)
  4 rats
  2 rat zombies (Ossuary)
  3 river rat simulacra (D:9)
  4 briar patches (Swamp:4)
  4 bushes (D:15)
1925 creatures vanquished.

Vanquished Creatures (collateral kills)
  2 juggernauts (Depths:2)
  3 curse toes
  Nikola (Depths:2)
  4 golden dragons
  A tentacled monstrosity (Zot:3)
  9 Orb Guardians
  3 titans
  A quicksilver dragon (Zot:3)
  A lich (Depths:3)
  A death cob (Zot:2)
  8 acid blobs
  2 sphinxes (Vaults:5)
  2 tengu reavers (Vaults:5)
  2 thorn hunters
  3 rockslimes (Slime:5)
  3 draconian monks
  3 shadow dragons
  3 storm dragons
  3 azure jellies
  A fire giant (Vaults:5)
  A vault warden (Vaults:5)
  2 draconian knights
  2 frost giants
  4 draconian shifters
  3 ghost moths
  3 draconian stormcallers
  An iron dragon (Vaults:5)
  17 very ugly things
  3 ironbound preservers (Vaults:5)
  A quicksilver ooze (Slime:5)
  A draconian annihilator (Depths:4)
  12 stone giants
  A vampire knight (Depths:2)
  6 red draconians
  A black draconian (Zot:4)
  8 green draconians
  8 yellow draconians
  2 white draconians
  12 purple draconians
  2 spark wasps (Depths:5)
  A deep elf death mage (Depths:2)
  3 fire dragons (Depths:5)
  9 ettins
  A jiangshi (Depths:2)
  2 great orbs of eyes
  4 yaktaur captains
  3 rakshasas
  An ice dragon (Depths:5)
  A hell beast (Depths:1)
  2 ogre magi (Vaults:5)
  A two-headed ogre (Vaults:5)
  4 deep troll shamans
  2 vampire magi (Depths:2)
  6 deep troll earth magi
  A tengu warrior (Depths:2)
  A hell hog (Depths:1)
  A hell knight (Depths:5)
  A spriggan berserker (Depths:2)
  4 iron trolls
  2 death drakes (Depths:4)
  11 deep trolls
  A swamp dragon (Swamp:4)
  A glowing orange brain (Depths:5)
  2 phantasmal warriors (Vaults:5)
  A necromancer (Depths:3)
  An oklob plant (Lair:2)
  2 ironbound convokers (Vaults:5)
  13 ugly things
  A shining eye (shapeshifter) (Vaults:5)
  6 shining eyes
  A faun (shapeshifter) (Depths:1)
  11 moths of wrath
  3 vault sentinels (Vaults:5)
  2 eyes of devastation (Slime:5)
  A rime drake (Depths:4)
  2 freezing wraiths (Vaults:5)
  A red devil (Depths:4)
  A guardian mummy (Depths:4)
  A hellwing (D:8)
  A hornet (Depths:3)
  46 slime creatures
  A spriggan (Depths:3)
  A fire bat (shapeshifter) (Depths:4)
  6 water elementals (Depths:3)
  A chaos spawn (Depths:4)
  4 golden eyes
  A swamp drake (Depths:4)
  An ogre (Vaults:5)
  A goblin (D:3)
321 creatures vanquished.

Vanquished Creatures (others)
  An orb of fire (Zot:5)
  An ancient lich (Zot:5)
  The ghost of VeryBadPlayer the Minotaur Barricade, a legendary MiFi of the Shining One (Zot:3)
  3 Killer Klowns (Zot:5)
  2 tentacled monstrosities
  13 Orb Guardians (Zot:5)
  2 death cobs
  2 shadow dragons (Zot:5)
  A draconian monk (Zot:3)
  A fire giant (Depths:2)
  2 draconian shifters (Zot:3)
  2 draconian stormcallers
  2 draconian annihilators
  2 green draconians (Zot:3)
  2 black draconians
  3 purple draconians
  A white draconian (Zot:5)
  2 red draconians
  2 yellow draconians (Zot:3)
  2 centaur warriors
  An ironbound frostheart (Vaults:2)
  34 dancing weapons
  4 hell hogs (Zot:5)
  A deep elf knight (Elf:2)
  A goliath frog (Swamp:1)
  2 deep elf zephyrmancers
  A wizard (Vaults:3)
  A deep elf pyromancer (Elf:2)
  6 moths of wrath
  2 rime drakes (Lair:3)
  A bloated husk (Swamp:3)
  2 slime creatures
  A spriggan (Swamp:1)
  An orc warrior (Orc:2)
  A centaur (Orc:2)
  4 foxfires (Swamp:1)
  71 fungi
  101 plants
282 creatures vanquished.

Grand Total: 2528 creatures vanquished

Notes
Turn   | Place    | Note
-------+----------+-------------------------------------------
     0 | D:1      | Zappman123 the Djinni Warper began the quest for the Orb.
     0 | D:1      | Reached XP level 1. HP: 18/18 MP: 0/0
    49 | D:1      | Found a faded altar of an unknown god.
   266 | D:1      | Reached XP level 2. HP: 23/23 MP: 0/0
   770 | D:2      | Noticed Jessica
   774 | D:2      | Killed Jessica
   775 | D:2      | Reached XP level 3. HP: 21/28 MP: 0/0
   775 | D:2      | Learned a level 1 spell: Shock
   896 | D:2      | Reached XP level 4. HP: 33/33 MP: 0/0
  2148 | D:4      | Noticed Duvessa
  2148 | D:4      | Noticed Dowan
  2391 | D:3      | Noticed an ogre
  2456 | D:3      | Reached XP level 5. HP: 35/38 MP: 0/0
  2456 | D:3      | Learned a level 2 spell: Slow
  2955 | D:4      | Noticed Eustachio
  3198 | D:4      | Noticed Edmund
  3442 | D:3      | Killed Eustachio
  3443 | D:3      | Reached skill level 5 in Long Blades
  3443 | D:3      | Reached XP level 6. HP: 35/43 MP: 0/0
  3766 | D:5      | Entered Level 5 of the Dungeon
  3766 | D:5      | Noticed Menkaure
  3770 | D:4      | Noticed an ogre
  4077 | D:4      | Killed Edmund
  4078 | D:4      | Reached XP level 7. HP: 14/49 MP: 0/0
  4078 | D:4      | Learned a level 3 spell: Spider Form
  4360 | D:4      | HP: 3/49 [ogre (30)]
  4932 | D:5      | Found a runed translucent door.
  4933 | D:5      | Noticed Crazy Yiuf
  5357 | D:4      | Found a broken altar of Ashenzari.
  5745 | D:4      | Reached XP level 8. HP: 41/54 MP: 0/0
  6931 | D:6      | Found a staircase to the Ecumenical Temple.
  6937 | Temple   | Entered the Ecumenical Temple
  7200 | D:6      | Found a large runed translucent door.
  7204 | D:6      | Found a large runed translucent door.
  7256 | D:6      | Found an opulent altar of Gozag.
  7263 | D:6      | Became a worshipper of Gozag Ym Sagoz the Greedy
  7789 | D:7      | Reached skill level 3 in Spellcasting
  7789 | D:7      | Reached XP level 9. HP: 56/58 MP: 0/0
  7789 | D:7      | Learned a level 4 spell: Sticky Flame
  8255 | D:7      | Gained mutation: Your natural rate of healing is unusually
                  | fast. [potion of mutation]
  8395 | D:8      | Found a sand-covered staircase.
  8577 | D:7      | Reached skill level 4 in Spellcasting
  8625 | D:7      | Reached skill level 5 in Armour
  8728 | D:7      | Reached XP level 10. HP: 64/64 MP: 0/0
  8764 | D:8      | Reached skill level 10 in Long Blades
  8764 | D:8      | Reached skill level 5 in Spellcasting
  8772 | Ossuary  | Entered an ossuary
  9510 | D:8      | Noticed Gastronok
  9993 | D:5      | Noticed Pikel
 10097 | D:5      | Killed Pikel
 10311 | D:5      | Killed Menkaure
 10428 | D:8      | Noticed Maurice
 10443 | D:8      | Killed Maurice
 10444 | D:8      | Reached skill level 6 in Spellcasting
 10801 | D:9      | Identified a scroll of acquirement
 10801 | D:9      | Acquired the ring "Xab Guni" {rElec rF++ rN+ rCorr Dex-5}
 11207 | D:9      | Found a white marble altar of Elyvilon.
 11275 | D:9      | Found a staircase to the Orcish Mines.
 11291 | D:9      | Found a hide-covered altar of Uskayaw.
 11291 | D:9      | Noticed a two-headed ogre
 11296 | D:9      | Killed a two-headed ogre
 11297 | D:9      | Reached XP level 11. HP: 73/73 MP: 0/0
 11297 | D:9      | Learned a level 4 spell: Iskenderun's Mystic Blast
 11347 | D:9      | Found a basalt altar of Yredelemnul.
 11352 | D:9      | Found a shimmering altar of Xom.
 11355 | D:9      | You are sucked into a shaft and drop 2 floors!
 11355 | D:11     | Found Tedunuf's Antique Weapon Shoppe.
 11362 | D:10     | Entered Level 10 of the Dungeon
 11440 | D:9      | Found Omysar's Jewellery Shop.
 11444 | D:9      | Bought an amulet of regeneration for 420 gold pieces
 11617 | D:9      | Found an iron altar of Okawaru.
 11617 | D:9      | Found the +4 robe of Folly {Brilliance Will-∞ Int+8}
 11661 | D:9      | Noticed a necromancer
 11913 | D:10     | Found a sparkling altar of Nemelex Xobeh.
 11983 | D:10     | Noticed a two-headed ogre
 12025 | D:10     | Killed a two-headed ogre
 12026 | D:10     | Reached skill level 5 in Dodging
 12038 | D:10     | Reached skill level 5 in Fighting
 12088 | D:10     | Found a sacrificial altar of Ru.
 12466 | D:10     | Found Joseawygro's Antique Armour Shop.
 12523 | D:10     | Noticed a five-headed hydra
 12536 | D:10     | Killed a five-headed hydra
 12537 | D:10     | Reached skill level 7 in Spellcasting
 12622 | D:10     | You are sucked into a shaft and drop 1 floor!
 12806 | D:11     | Noticed a cyclops
 13042 | D:11     | Found a staircase to the Lair.
 13079 | D:11     | Noticed a white ugly thing
 13275 | D:11     | Noticed a six-headed hydra
 13430 | D:9      | Killed a necromancer
 13432 | D:9      | Killed a red ugly thing
 13558 | D:11     | Killed a cyclops
 13733 | D:12     | Noticed a purple ugly thing
 13844 | D:11     | Noticed a death knight
 13958 | Lair:1   | Entered Level 1 of the Lair of Beasts
 14020 | D:11     | Reached XP level 12. HP: 85/85 MP: 0/0
 14387 | Lair:1   | Noticed vvlvvlvvl's ghost (journeyman DrTm)
 14388 | Lair:1   | Found a transporter.
 14395 | Lair:1   | Found a transporter.
 15328 | Lair:2   | Noticed an eight-headed hydra
 15367 | Lair:2   | Killed an eight-headed hydra
 15368 | Lair:2   | Reached skill level 1 in Shields
 15368 | Lair:2   | Reached skill level 1 in Evocations
 15727 | Lair:2   | Found a staircase to the Snake Pit.
 15771 | Lair:2   | Reached XP level 13. HP: 57/90 MP: 0/0
 15771 | Lair:2   | Learned a level 5 spell: Iskenderun's Battlesphere
 15956 | Lair:3   | Noticed a boulder beetle
 15973 | Lair:3   | Killed a boulder beetle
 16567 | Lair:2   | Noticed an eight-headed hydra
 16568 | Lair:2   | Noticed a five-headed hydra
 16571 | Lair:2   | Reached skill level 5 in Shields
 16571 | Lair:2   | Killed an eight-headed hydra
 16573 | Lair:2   | Noticed a seven-headed hydra
 16574 | Lair:2   | Killed a five-headed hydra
 16576 | Lair:2   | Killed a seven-headed hydra
 16803 | Lair:2   | Reached XP level 14. HP: 24/99 MP: 0/0
 18700 | Lair:4   | Reached skill level 5 in Evocations
 18797 | Lair:4   | Noticed Urug
 18861 | Lair:4   | Killed Urug
 18862 | Lair:4   | Reached skill level 8 in Spellcasting
 19182 | Lair:4   | Found a staircase to the Swamp.
 19832 | Lair:6   | Entered Level 6 of the Lair of Beasts
 19983 | Lair:6   | Found a gate leading to a gauntlet.
 20015 | Gauntlet | Entered a Gauntlet
 20015 | Gauntlet | Found a transporter.
 20015 | Gauntlet | Found a transporter.
 20019 | Gauntlet | Found a transporter.
 20019 | Gauntlet | Found a transporter.
 20021 | Gauntlet | Found a large runed translucent door.
 20022 | Gauntlet | Found a large runed translucent door.
 20023 | Gauntlet | Found a large runed translucent door.
 20023 | Gauntlet | Found a large runed translucent door.
 20023 | Gauntlet | Found a runed translucent door.
 20023 | Gauntlet | Found a runed translucent door.
 20024 | Gauntlet | Found a large runed translucent door.
 20025 | Gauntlet | Found a large runed translucent door.
 20025 | Gauntlet | Found a large runed translucent door.
 20025 | Gauntlet | Found a large runed translucent door.
 20026 | Gauntlet | Found a large runed translucent door.
 20027 | Gauntlet | Found a large runed translucent door.
 20029 | Gauntlet | Found a transporter.
 20030 | Gauntlet | Found a large runed translucent door.
 20030 | Gauntlet | Found a large runed translucent door.
 20031 | Gauntlet | Found a large runed translucent door.
 20031 | Gauntlet | Found a large runed translucent door.
 20031 | Gauntlet | Found a large runed translucent door.
 20031 | Gauntlet | Found a large runed translucent door.
 20034 | Gauntlet | Found a runed translucent gate.
 20034 | Gauntlet | Found a runed translucent gate.
 20034 | Gauntlet | Found a runed translucent gate.
 20036 | Gauntlet | Found a transporter.
 20046 | Gauntlet | Found a transporter.
 20046 | Gauntlet | Found a transporter.
 20067 | Gauntlet | Found a transporter.
 20090 | Gauntlet | Found a transporter.
 20129 | Gauntlet | Found a transporter.
 20143 | Gauntlet | Found a transporter.
 20156 | Gauntlet | Found a transporter.
 20243 | Gauntlet | Found a transporter.
 20259 | Gauntlet | Found a transporter.
 20271 | Gauntlet | Found a transporter.
 20442 | Gauntlet | Reached XP level 15. HP: 98/106 MP: 0/0
 20442 | Gauntlet | Learned a level 6 spell: Invisibility
 20544 | Gauntlet | Identified the +1 cloak of Virtue {rN+}
 20576 | Gauntlet | Identified the +5 morningstar "Woifar" {holy, rElec Int+6
                  | Dex-5}
 20593 | Gauntlet | HP: 10/106 [minotaur/silver javelin (4)]
 20635 | Gauntlet | Identified the ring of Dishonesty {Contam Fly MP+9 Str+2}
 21009 | Lair:6   | Found a viscous altar of Jiyva.
 21009 | Lair:6   | Found a staircase to the Slime Pits.
 21322 | Lair:5   | Reached skill level 10 in Fighting
 21323 | Lair:5   | Reached skill level 10 in Shields
 21541 | Lair:5   | Acquired a manual of Fighting
 21795 | Lair:6   | Reached skill level 9 in Spellcasting
 22381 | Lair:6   | Identified the +5 dagger of Analysis {spect, rF- MP+9 SInv}
 22660 | Orc:1    | Entered Level 1 of the Orcish Mines
 23149 | Orc:1    | Reached XP level 16. HP: 116/116 MP: 0/0
 23204 | Orc:2    | Entered Level 2 of the Orcish Mines
 23221 | Orc:2    | Found a staircase to the Elven Halls.
 23884 | Orc:2    | Found Quklim's Magic Scroll Shoppe.
 23884 | Orc:2    | Found Pydahola's Assorted Antiques.
 23886 | Orc:2    | Found Ithey's Weapon Boutique.
 23888 | Orc:2    | Found Leudd's Armour Emporium.
 24002 | Orc:2    | Bought a potion of curing for 96 gold pieces
 24002 | Orc:2    | Bought a scroll of identify for 64 gold pieces
 24005 | Orc:2    | Bought a scroll of teleportation for 42 gold pieces
 24005 | Orc:2    | Bought a scroll of fear for 49 gold pieces
 24005 | Orc:2    | Bought a scroll of silence for 105 gold pieces
 24005 | Orc:2    | Bought a scroll of fear for 49 gold pieces
 24005 | Orc:2    | Bought a scroll of fear for 49 gold pieces
 24005 | Orc:2    | Bought a scroll of identify for 28 gold pieces
 24005 | Orc:2    | Bought a scroll of fear for 49 gold pieces
 24008 | Orc:2    | Bought the +3 pair of gauntlets of War {Slay+5} for 617
                  | gold pieces
 24008 | Orc:2    | Found the +3 pair of gauntlets of War {Slay+5}
 24275 | Swamp:1  | Entered Level 1 of the Swamp
 24431 | Swamp:1  | Found a glowing golden altar of the Shining One.
 25004 | Swamp:2  | Found a runed translucent door.
 25006 | Swamp:2  | Noticed Sapher's ghost (journeyman DEFE)
 25036 | Swamp:2  | Killed Sapher's ghost
 25050 | Swamp:2  | Got the Grimoire of Aerial Hexes
 25097 | Swamp:2  | Noticed a tentacled monstrosity
 25199 | Swamp:2  | Killed a tentacled monstrosity
 25471 | Swamp:2  | Reached skill level 10 in Dodging
 25683 | Swamp:3  | Reached skill level 10 in Spellcasting
 25898 | Swamp:3  | Reached XP level 17. HP: 120/125 MP: 0/0
 25898 | Swamp:3  | Learned a level 6 spell: Simulacrum
 26038 | Swamp:4  | Entered Level 4 of the Swamp
 26904 | Swamp:4  | Got a decaying rune of Zot
 26915 | Swamp:4  | Noticed a thorn hunter
 26926 | Swamp:4  | Killed a thorn hunter
 26943 | Swamp:4  | Noticed a thorn hunter
 26994 | Swamp:4  | Killed a thorn hunter
 27112 | Swamp:4  | Noticed a thorn hunter
 27123 | Swamp:4  | Killed a thorn hunter
 27290 | Snake:1  | Entered Level 1 of the Snake Pit
 27907 | Snake:2  | Reached XP level 18. HP: 136/136 MP: 0/0
 28102 | Snake:2  | Found Qanonn's Armour Shop.
 28102 | Snake:2  | Found Buonekuq's Assorted Antiques.
 28105 | Snake:2  | Found Nich's Magic Scroll Shop.
 28106 | Snake:2  | Found Bigoas's Jewellery Boutique.
 28106 | Snake:2  | Found Murayche's Weapon Shoppe.
 28123 | Snake:2  | Noticed Kirke
 28137 | Snake:2  | Killed Kirke
 28138 | Snake:2  | Reached skill level 15 in Shields
 28439 | Snake:3  | Reached skill level 15 in Fighting
 28565 | Snake:2  | Bought a potion of curing for 114 gold pieces
 28565 | Snake:2  | Bought 2 potions of heal wounds for 380 gold pieces
 28592 | Snake:2  | Bought a scroll of magic mapping for 45 gold pieces
 28592 | Snake:2  | Bought a scroll of enchant weapon for 97 gold pieces
 28592 | Snake:2  | Bought a scroll of magic mapping for 45 gold pieces
 28592 | Snake:2  | Bought a scroll of enchant armour for 97 gold pieces
 28592 | Snake:2  | Bought a scroll of enchant armour for 97 gold pieces
 28592 | Snake:2  | Bought a scroll of fear for 45 gold pieces
 28939 | Snake:3  | Identified the +7 rapier of Rofenehi {freeze, rF- Str+10}
 29187 | Snake:3  | Identified the +2 leather armour of Calculation {rN+
                  | Slay+3}
 29563 | Snake:4  | Entered Level 4 of the Snake Pit
 30457 | Snake:4  | Reached XP level 19. HP: 49/143 MP: 0/0
 30457 | Snake:4  | Learned a level 7 spell: Orb of Destruction
 30591 | Snake:4  | Reached skill level 11 in Spellcasting
 30841 | Snake:4  | Got a serpentine rune of Zot
 31063 | D:11     | Found Malach's General Store.
 31238 | D:11     | Found Zuemew's Antique Armour Shop.
 31956 | D:13     | Identified the +0 leather armour of Ru's Esteem {Drain
                  | Str+3 Int+6}
 32048 | D:13     | Reached skill level 10 in Armour
 32048 | D:13     | Reached skill level 10 in Evocations
 32397 | D:13     | Found a gate to the Vaults.
 32780 | D:14     | Noticed Rupert
 32797 | D:14     | Killed Rupert
 32801 | D:14     | Found a basalt altar of Yredelemnul.
 33622 | D:15     | Entered Level 15 of the Dungeon
 34056 | D:15     | Found a staircase to the Depths.
 34187 | D:15     | Reached XP level 20. HP: 128/153 MP: 0/0
 34451 | D:15     | Found a stormy altar of Qazlal.
 34787 | Vaults:1 | Entered Level 1 of the Vaults
 35159 | Vaults:1 | Gained mutation: You are clumsy. (Dex -2) [mutagenic glow]
 35723 | Vaults:1 | Reached skill level 12 in Spellcasting
 35815 | Vaults:1 | Found Zok Geo's General Store.
 36004 | Vaults:1 | Identified the +8 broad axe of Honour {spect, rElec rCorr
                  | Str-3 Stlth+}
 36395 | Vaults:2 | HP: 6/154 [ironbound thunderhulk/bolt of lightning (33)]
 36567 | Vaults:2 | You are sucked into a shaft and drop 2 floors!
 36612 | Vaults:3 | Noticed Aizul
 36626 | Vaults:3 | Killed Aizul
 36800 | Vaults:3 | Reached XP level 21. HP: 139/160 MP: 0/0
 36800 | Vaults:3 | Learned a level 7 spell: Haunt
 37745 | Vaults:2 | Found a staircase to the Crypt.
 38189 | Vaults:3 | Found Sibroiri's Jewellery Emporium.
 38276 | Vaults:3 | Noticed Xtahua
 38302 | Vaults:3 | Killed Xtahua
 38568 | Vaults:3 | Noticed Jory
 38594 | Vaults:3 | Killed Jory
 38894 | Vaults:3 | Reached skill level 15 in Dodging
 38989 | Vaults:3 | Acquired 975 gold pieces
 39040 | Vaults:4 | Noticed Donald
 39158 | Vaults:4 | Killed Donald
 39313 | Vaults:4 | Reached skill level 13 in Spellcasting
 39676 | Vaults:4 | Reached XP level 22. HP: 160/168 MP: 0/0
 40583 | Crypt:1  | Entered Level 1 of the Crypt
 42396 | Crypt:1  | Noticed Mara
 42687 | Lair:1   | Killed vvlvvlvvl's ghost
 43476 | Orc:2    | Bought a bloodstained ring mail for 387 gold pieces
 43476 | Orc:2    | Identified the +4 ring mail of the Valley {rPois Dex+4}
                  | (You bought it in a shop on level 2 of the Orcish Mines)
 43479 | Orc:2    | Bought a scroll of immolation for 98 gold pieces
 43479 | Orc:2    | Bought a glowing blue potion for 25 gold pieces
 43479 | Orc:2    | Bought a potion of curing for 84 gold pieces
 43479 | Orc:2    | Bought a scroll of identify for 56 gold pieces
 43482 | Orc:2    | Bought a scroll of silence for 112 gold pieces
 43482 | Orc:2    | Bought a scroll of magic mapping for 52 gold pieces
 43482 | Orc:2    | Bought a scroll of summoning for 142 gold pieces
 43482 | Orc:2    | Bought a scroll of teleportation for 45 gold pieces
 43482 | Orc:2    | Bought a scroll of silence for 112 gold pieces
 43496 | Elf:1    | Entered Level 1 of the Elven Halls
 43727 | Elf:1    | Found Fuodok's Antique Armour Shoppe.
 43759 | Elf:1    | Found a frozen archway.
 43778 | IceCv    | Entered an ice cave
 43965 | IceCv    | Reached skill level 14 in Spellcasting
 44367 | Elf:1    | Found Sumiym Uxel's Distillery.
 44375 | Elf:1    | Reached XP level 23. HP: 163/175 MP: 0/0
 44375 | Elf:1    | Learned a level 8 spell: Necromutation
 44375 | Elf:1    | Acquired 823 gold pieces
 44377 | Elf:1    | Acquired a +2 helmet of see invisible
 44397 | Elf:1    | Bought a potion of haste for 120 gold pieces
 44397 | Elf:1    | Bought 2 potions of heal wounds for 120 gold pieces
 44397 | Elf:1    | Bought a potion of resistance for 120 gold pieces
 44397 | Elf:1    | Bought a potion of heal wounds for 60 gold pieces
 44397 | Elf:1    | Bought a potion of resistance for 120 gold pieces
 44397 | Elf:1    | Bought 2 potions of heal wounds for 120 gold pieces
 44573 | Elf:1    | Reached skill level 15 in Armour
 44803 | Elf:1    | Found Cetta's Assorted Antiques.
 44811 | Elf:1    | Bought a scroll of magic mapping for 129 gold pieces
 44881 | Elf:1    | Found Irohokk's Assorted Antiques.
 44890 | Elf:1    | Bought a faintly humming ring mail for 297 gold pieces
 44890 | Elf:1    | Identified the +1 ring mail of Whack-A-Mole {rC+ Str+2}
                  | (You bought it in a shop on level 1 of the Elven Halls)
 44890 | Elf:1    | Bought a wand of digging (4) for 264 gold pieces
 44890 | Elf:1    | Bought a wand of acid (12) for 264 gold pieces
 44890 | Elf:1    | Bought a potion of heal wounds for 165 gold pieces
 44890 | Elf:1    | Bought a scroll of blinking for 247 gold pieces
 44973 | Elf:1    | Found Ruraf's Weapon Shop.
 45309 | Elf:2    | Found a runed translucent gate.
 45309 | Elf:2    | Found a runed translucent gate.
 45331 | Elf:2    | Found a runed translucent gate.
 45447 | Elf:3    | Entered Level 3 of the Elven Halls
 45769 | Elf:2    | Reached skill level 15 in Spellcasting
 47048 | Elf:3    | Identified the +1 leather armour of a sewer {Rampage Fly
                  | rF+ Int-2}
 47048 | Elf:3    | Identified the +3 flail of Qiakk {vamp, Will+ Int+3}
 47147 | Elf:3    | Reached skill level 16 in Spellcasting
 47173 | Elf:3    | Gained mutation: You are frail. (-10% HP) [a neqoxec]
 47523 | Elf:3    | Identified the ring of Cosunoipt {rC+ Will+}
 47680 | Elf:3    | Reached XP level 24. HP: 158/163 MP: 0/0
 48357 | Elf:3    | Identified the +1 cloak "Rurch" {Str+6 Dex+3 Slay-4 SInv}
 48449 | Elf:3    | Identified the +4 shortbow of Efukos {speed, Dex+4}
 48458 | Elf:3    | Identified the -4 pair of gloves of Ynoakofeb {rElec rF+
                  | rC- Dex+4}
 49772 | Crypt:1  | Noticed Zappman123's illusion
 50023 | Crypt:3  | Entered Level 3 of the Crypt
 50074 | Crypt:2  | Reached skill level 17 in Spellcasting
 51862 | Crypt:3  | Found a staircase to the Tomb.
 51936 | Crypt:3  | Noticed a dread lich
 51942 | Crypt:3  | Killed a dread lich
 52226 | Crypt:3  | Reached XP level 25. HP: 162/168 MP: 0/0
 52226 | Crypt:3  | Learned a level 8 spell: Summon Horrible Things
 53407 | Crypt:3  | Noticed an ancient lich
 53413 | Crypt:3  | Killed an ancient lich
 53414 | Crypt:3  | Reached skill level 18 in Spellcasting
 53442 | Crypt:3  | Identified the +5 scale mail "Nost" {-Tele rF- rN+++
                  | Slay+2}
 53443 | Crypt:3  | Identified the ring of Joen {rC+ Will+}
 53539 | Crypt:3  | Identified the ring of Opoal {rElec rF+ rN+ MP+9}
 53547 | Crypt:3  | Identified the ring "Getoz" {rElec rN+ rCorr Str+8 Stlth-}
 53547 | Crypt:3  | Identified the amulet "Nezxobe" {Regen+ Stlth+}
 53681 | Crypt:3  | Noticed a curse toe
 53981 | Crypt:3  | Killed a curse toe
 54035 | Crypt:3  | Identified the +1 scale mail of the Untouchables {*Corrode
                  | rN+ Slay+2}
 54317 | Depths:1 | Entered Level 1 of the Depths
 54492 | Depths:1 | Found a gateway to Hell.
 55337 | Depths:1 | Identified the amulet of Spontaneous Combustion {Acrobat
                  | rF+ Regen+ Int-5}
 55682 | Depths:2 | Noticed a juggernaut
 55697 | Depths:2 | Killed a juggernaut
 56337 | Depths:2 | Found a sparkling altar of Nemelex Xobeh.
 56412 | Depths:2 | Reached XP level 26. HP: 125/173 MP: 0/0
 56424 | Depths:2 | Noticed Nikola
 56431 | Depths:2 | Killed Nikola
 56717 | Depths:2 | Found a one-way gate leading to the halls of Pandemonium.
 56861 | Depths:2 | Noticed a juggernaut
 56870 | Depths:2 | Killed a juggernaut
 56967 | Depths:3 | Noticed carontestyx's ghost (adept TrMo)
 56968 | Depths:3 | Noticed a juggernaut
 56980 | Depths:3 | Found a runed translucent gate.
 56980 | Depths:3 | Found a runed translucent gate.
 56982 | Depths:3 | Found a runed translucent gate.
 57175 | Depths:3 | Reached skill level 19 in Spellcasting
 57263 | Depths:2 | Found a gateway to a ziggurat.
 57523 | Depths:3 | Paralysed by a floating eye for 4 turns
 57748 | Depths:3 | Identified the +6 demon trident of Impatience {freeze,
                  | rElec rF++ rN+ Int+3}
 57768 | Depths:3 | Acquired a +3 vorpal double sword
 57954 | Depths:4 | Acquired a manual of Spellcasting
 58111 | Depths:4 | Found a portal to a secret trove of treasure.
 58350 | Depths:5 | Entered Level 5 of the Depths
 58819 | Depths:5 | Found a gate to the Realm of Zot.
 59214 | Depths:4 | You are sucked into a shaft and drop 1 floor!
 59580 | Depths:4 | Found a one-way gate to the infinite horrors of the Abyss.
 59944 | Depths:5 | Noticed Boris
 59950 | Depths:5 | Killed Boris
 61093 | Slime:1  | Entered Level 1 of the Pits of Slime
 61570 | Slime:1  | Reached XP level 27. HP: 162/181 MP: 0/0
 61570 | Slime:1  | Learned a level 9 spell: Dragon's Call
 62319 | Slime:5  | Entered Level 5 of the Pits of Slime
 63009 | Slime:5  | Reached skill level 20 in Spellcasting
 63144 | Slime:5  | Found a viscous altar of Jiyva.
 63159 | Slime:5  | Noticed the Royal Jelly
 63196 | Slime:5  | Killed the Royal Jelly
 63438 | Slime:5  | Identified the +7 hunting sling of Beogh's Respect {vorpal,
                  | +Blink rElec rN+}
 63458 | Slime:5  | Identified the ring of Ypokovob {rElec rF+ SInv Stlth+}
 63508 | Slime:5  | Got a slimy rune of Zot
 63532 | Slime:5  | Identified the +1 pair of boots "Oppye" {-Tele rN+++ MP-9
                  | Int+9}
 63535 | Slime:5  | Identified the +8 lajatang of Xoez {vorpal, rF- rC++ Int+5}
 63536 | Slime:5  | Identified the +12 short sword of the Past {drain, rF+
                  | Dex-5 Stlth+}
 64129 | Orc:2    | Bought a scroll of torment for 105 gold pieces
 64443 | Vaults:5 | Entered Level 5 of the Vaults
 64918 | Vaults:5 | Identified the +5 mace of Bukeruxt {vorpal, rC+ Dex+2}
 65599 | Vaults:5 | Identified the +5 fire dragon scales of Wugrenur {rF++ rC-
                  | Int+3}
 65650 | Vaults:5 | Noticed Bai Suzhen
 65659 | Vaults:5 | Killed Bai Suzhen
 66129 | Vaults:5 | Reached skill level 21 in Spellcasting
 66216 | Vaults:5 | Got a silver rune of Zot
 66811 | Zot:1    | Entered Level 1 of the Realm of Zot
 67091 | Zot:3    | Found a runed translucent gate.
 67091 | Zot:3    | Found a runed translucent gate.
 67091 | Zot:3    | Found a runed translucent gate.
 67092 | Zot:3    | Found an opulent altar of Gozag.
 67092 | Zot:3    | Found Malour Arid's Assorted Antiques.
 67092 | Zot:3    | Noticed VeryBadPlayer's ghost (legendary MiFi)
 67138 | Zot:3    | Killed VeryBadPlayer's ghost
 67654 | Zot:5    | Entered Level 5 of the Realm of Zot
 68367 | Zot:5    | Noticed an orb of fire
 68419 | Zot:5    | Noticed an ancient lich
 68420 | Zot:5    | Noticed a Killer Klown
 68423 | Zot:5    | Noticed an ancient lich
 68434 | Zot:5    | Noticed a Killer Klown
 68438 | Zot:5    | Noticed a Killer Klown
 68464 | Zot:5    | Noticed a dread lich
 68484 | Zot:5    | Got the Orb of Zot
 68506 | Zot:5    | Killed an orb of fire
 69247 | D:$      | Escaped with the Orb!

Illustrated notes

Levels and vault maps discovered:
D:1:      minmay_arrival_shattered_statue, layout_rooms, serial_forest,
          infiniplex_forest_clump_small, infiniplex_forest_lined_2,
          infiniplex_forest_3_way, infiniplex_forest_clump_curved,
          infiniplex_forest_end_2, ebering_ecumenical_altar_webs,
          minmay_hexomino_f4
D:2:      layout_basic, serial_aquarium, aquarium_bridge_straight
          [aquarium_subvault_bridge, aquarium_subvault_window,
          aquarium_subvault_bridge, aquarium_subvault_wall], aquarium_window_2,
          aquarium_window_1, aquarium_window_1, aquarium_view_2c,
          aquarium_view_2e, dk_noncrumbling_2, uniq_jessica
D:3:      layout_basic, minmay_ogre_servants
D:4:      layout_rooms, minmay_ruined_shrine, uniq_duvessa, uniq_edmund,
          uniq_eustachio
D:5:      layout_basic, uniq_menkaure, uniq_pikel, uniq_crazy_yiuf_cottage
D:6:      black_bear_nest_1, layout_layer_cave, jmf_multi_god_temple2,
          minmay_temple_entry_hall
D:7:      layout_basic, chequers_serial_rivers_micro_b
D:8:      layout_layer_cave, lightli_ossuary_entry_decrepit_ruins, uniq_maurice,
          uniq_gastronok
D:9:      layout_roguey, jmf_multi_god_temple, grunt_temple_overflow_cloverleaf,
          elyvilon_altar_5, orc_0_dummy, serial_shops,
          nicolae_shop_temple_entry_statues_fountains, eino_house_with_fridge
D:10:     layout_layer_cave, mainiacjoe_overflow_paths,
          nicolae_ru_sacrificial_ziggurat, serial_shops, shop_statue
D:11:     layout_gridville, due_lair_maze_entry_diamond, serial_shops,
          nicolae_stop_n_shop_1, shop, nicolae_shop_trees
D:12:     layout_rooms
D:13:     layout_stronghold, david_vaults_1, serial_bayou_lagoon_b
D:14:     layout_basic, yredelemnul_altar_generic, minivault_28, uniq_rupert
D:15:     grunt_enter_depths_snipers, layout_loops_corners,
          nicolae_qazlal_style_of_elements, minmay_hedge_maze
Temple:   minmay_temple_curvy_loop
Lair:1:   layout_regular_city, serial_forest, infiniplex_forest_lined_2,
          infiniplex_forest_3_way, infiniplex_forest_diagonal,
          infiniplex_forest_clump_long, infiniplex_forest_straight_3,
          infiniplex_forest_lined_corner, gammafunk_ghost_hive
Lair:2:   nzn_winding_woodlands_huge [nzn_winding_woodlands_5x15_sidewinder,
          nzn_winding_woodlands_5x15_pockets, nzn_winding_woodlands_5x15_twine,
          nzn_winding_woodlands_5x15_eye,
          nzn_winding_woodlands_5x15_river_crossing,
          nzn_winding_woodlands_5x15_garden, nzn_winding_woodlands_5x15_crooked,
          nzn_winding_woodlands_5x15_zeroes, nzn_winding_woodlands_5x15_cabin,
          nzn_winding_woodlands_5x15_lazy_stream,
          nzn_winding_woodlands_center_pierced_h,
          nzn_winding_woodlands_center_lodge,
          nzn_winding_woodlands_15x15_thick_spiral], layout_gridlike,
          dummy_snake_entry, minmay_lair_oklob_chamber
Lair:3:   layout_small_grid, roderic_batcave, bobbens_dragon_lair_wall,
          lemuel_fruit_fields
Lair:4:   layout_cave_pods, skrybe_swamp_entry_bodies,
          infiniplex_staircase_pool, uniq_urug
Lair:5:   layout_regular_city, guppyfry_lair_drakes
Lair:6:   evilmike_catoblepas_cave, layout_hall_layers,
          dpeg_slime_entry_enclosed_altar, gauntlet_entry_generic,
          minmay_lindwurm_lava, lemuel_fruit_tree
Swamp:1:  layout_basic_swamp, lemuel_altar_in_water, swamp_pool5
Swamp:2:  layout_basic_swamp, ebering_ghost_reflecting_pool,
          evilmike_swamp_ruin_house_3, swamp_pool1
Swamp:3:  layout_basic_swamp, evilmike_swamp_ruin_house_1
Swamp:4:  swamp_basic_johnstein, layout_basic_swamp
Snake:1:  layout_grid_shapes
Snake:2:  layout_onion, nicolae_snake_serpentine_bazaar, uniq_kirke
Snake:3:  layout_chambers, minmay_snake_pond
Snake:4:  hellmonk_snake_rune_quicksilver_temple, layout_cave_town
Slime:1:  layout_caves
Slime:2:  layout_caves
Slime:3:  layout_caves
Slime:4:  layout_caves
Slime:5
Orc:1:    layout_diamond_mine
Orc:2:    st_orc_rangers, layout_diamond_mine, basic_altar
Elf:1:    nicolae_elf_arrival_fired_up, layout_gridlike,
          portal_ice_cave_entry_dragon, serial_shops, shop,
          nicolae_diamond_shop, shop, shop, shop, hangedman_corner_corridor
Elf:2:    nicolae_elf_blades_splatter_lattice [grunt_blade_entry_basic],
          layout_onion_city
Elf:3:    grunt_elf_hall_spiral, layout_geoelf_octagon
Vaults:1: v_rooms_4, v_rooms_4, ontoclasm_vaults_ring_large, v_misc_17,
          special_room_vaults [special_room_orc], nicolae_vaults_alarming,
          layout_vaults_chaotic_city, serial_shops, shop
Vaults:2: vaults_room_guarded_vault, minmay_crypt_entry_simple_walls,
          hangedman_vaults_corner, v_misc_11, v_misc_13,
          ontoclasm_vaults_misaligned, vaults_dpeg_spiral, vaults_room_fours,
          dpeg_vaults_monster_box, layout_vaults_omnigrid
Vaults:3: hangedman_vaults_restitches, v_misc_18,
          nicolae_vaults_network_periphery, vaults_room_glass_cross, v_misc_2,
          hangedman_vaults_nodes, vaults_room_boxed, vaults_room_door_ring,
          vaults_room_octagon, nicolae_vaults_little_squares_3,
          vaults_dpeg_diagonal, nicolae_vaults_little_squares_3, serial_ice_g,
          v_misc_19, layout_vaults_maze_snakey, serial_shops,
          nicolae_diamond_shop, uniq_aizul, uniq_jory, uniq_xtahua
Vaults:4: ontoclasm_vaults_bender, v_misc_12, hangedman_vaults_snaps, v_misc_13,
          ontoclasm_vaults_ring_square, v_misc_13, vaults_room_door_hall,
          v_misc_24, grunt_vaults_trifunnel, nicolae_vaults_rhombus_5,
          vaults_room_semicircle, layout_vaults_omnicross, uniq_donald
Vaults:5: uniq_bai_suzhen
Crypt:1:  layout_misc_corridors, st_stairs_10, grunt_megastairs_3,
          grunt_crypt_arrival_webbed, uniq_mara
Crypt:2:  layout_regular_city
Crypt:3:  due_elkab, layout_chaotic_city, tomb_entry_shell_bobbens, st_stairs_11
Depths:1: layout_gridlike, grunt_mini_vestibule, serial_sigils,
          serial_sigils_hangedman_snap, serial_sigils_hangedman_gnaw,
          serial_sigils_hangedman_scar, serial_sigils_hangedman_snap,
          grunt_tough_drop
Depths:2: minmay_the_grid_4x2 [minmay_the_grid_pillar_ring,
          minmay_the_grid_minigrid_medium, minmay_the_grid_aliased_spiral,
          minmay_the_grid_stretched_grid, minmay_the_grid_diamond_grid,
          minmay_the_grid_dragon_a, minmay_the_grid_square_x,
          minmay_the_grid_prize_inner_circle], layout_basic, enter_ziggurat_c,
          hell_entry, pan_entry, nemelex_spade_bored_becter,
          minmay_staircase_statues, uniq_nikola
Depths:3: dpeg_oklob_gauntlet, layout_basic, hellmouth_1, pan_entry,
          minmay_misc_feat_four_crosses, gammafunk_ghost_split, minivault_21
Depths:4: gold_lair_mu, layout_basic, nicolae_trove_entry_path_of_doom,
          rand_demon_pan_entry_8, hangedman_abyss_or_decor_stagger, abyss_entry,
          hell_entry, drop_trap, infiniplex_staircase_pool_2
Depths:5: grunt_zot_entry_tricorne, layout_basic, serial_aquarium,
          aquarium_bridge_square [aquarium_subvault_balcony,
          aquarium_subvault_wall, aquarium_subvault_bridge,
          aquarium_subvault_bridge], aquarium_window_2, aquarium_window_1,
          aquarium_view_2e, aquarium_balcony_5b, hell_entry, solitary_fountain,
          roderic_lattice_a, uniq_boris
Zot:1:    grunt_zot_stairs_overgrown, layout_concentric_octagons,
          lemuel_lake_of_fire
Zot:2:    nicolae_moth_party, layout_gridlike, st_stairs_6, grunt_megastairs_4
Zot:3:    layout_onion_interference, ebering_ghost_gozag, st_stairs_13,
          grunt_megastairs_2
Zot:4:    kennysheep_blocky_hall, layout_basic, grunt_ministairs_14
Zot:5:    layout_twisted_circle

Skill      XL: |  1  2  3  4  5  6  7  8  9 10 11 12 13 14 15 16 17 18 19 20 21 22 23 24 25 26 27 |
---------------+----------------------------------------------------------------------------------+-----
Long Blades    | 2 3 4 5 6 7 9 10 12 13 14 | 14.0
Armour         | 3 5 6 7 9 10 11 13 14 15 16 17 18 20 | 20.0
Spellcasting   | 3 4 6 7 8 9 10 11 12 13 14 16 17 18 19 21 | 21.6
Dodging        | 4 5 7 8 10 11 13 14 15 19 | 19.2
Fighting       | 4 7 8 9 11 12 14 15 16 17 18 20 | 20.0
Shields        | 2 6 9 11 13 14 15 | 15.0
Evocations     | 1 4 6 7 9 10 | 10.0
Throwing       | |  0.7

Action                   |  1- 3 |  4- 6 |  7- 9 | 10-12 | 13-15 | 16-18 | 19-21 | 22-24 | 25-27 || total
-------------------------+-------+-------+-------+-------+-------+-------+-------+-------+-------++-------
Melee: Falchion          |    58 |    94 |    71 |   217 |       |       |       |    13 |       ||   453
       Short sword       |       |    33 |   242 |   586 |   586 |       |       |       |       ||  1447
       Long sword        |       |       |       |    77 |   263 |    44 |       |       |       ||   384
       Staff             |       |       |       |       |       |     2 |       |     5 |     9 ||    16
       Double sword      |       |       |       |       |       |       |       |       |    11 ||    11
 Fire: Hunting sling     |       |     2 |       |       |       |       |       |       |       ||     2
Throw: Stone             |    12 |     7 |     6 |       |       |       |       |       |       ||    25
       Boomerang         |     1 |     3 |       |       |       |       |       |       |       ||     4
       Dart              |       |       |       |    31 |    26 |     1 |       |       |       ||    58
 Cast: Shock             |       |    18 |    56 |   224 |   427 |   936 |   674 |   503 |   144 ||  2982
       Slow              |       |    13 |    30 |    75 |    88 |     4 |     1 |       |       ||   211
       Sticky Flame      |       |       |       |    17 |    56 |    90 |    49 |    51 |    47 ||   310
       Spider Form       |       |       |       |     1 |       |       |       |       |       ||     1
       Gell's Gravitas   |       |       |       |     2 |    27 |       |       |       |     1 ||    30
       Blink             |       |       |       |     1 |       |     2 |       |     4 |     3 ||    10
       Iskenderun's Myst |       |       |       |     1 |    35 |    91 |   259 |   180 |    66 ||   632
       Iskenderun's Batt |       |       |       |       |    62 |   195 |   167 |   157 |    71 ||   652
       Lesser Beckoning  |       |       |       |       |     1 |     1 |       |       |       ||     2
       Manifold Assault  |       |       |       |       |       |     1 |       |       |       ||     1
       Invisibility      |       |       |       |       |       |     4 |    15 |    10 |     6 ||    35
       Orb of Destructio |       |       |       |       |       |       |     2 |   312 |   483 ||   797
       Haunt             |       |       |       |       |       |       |       |     1 |   359 ||   360
       Summon Horrible T |       |       |       |       |       |       |       |       |    99 ||    99
       Necromutation     |       |       |       |       |       |       |       |       |    71 ||    71
Invok: Potion Petition   |       |       |       |       |       |     2 |     9 |     6 |     9 ||    26
       Call Merchant     |       |       |       |       |       |       |       |     3 |     1 ||     4
       Bribe Branch      |       |       |       |       |       |       |       |       |     3 ||     3
Evoke: Wand              |       |       |       |     9 |    26 |    11 |    27 |    11 |    18 ||   102
       Box of beasts     |       |       |       |       |       |     1 |     2 |       |       ||     3
       Phantom mirror    |       |       |       |       |       |     1 |     1 |     1 |     2 ||     5
       Phial of floods   |       |       |       |       |       |       |     2 |       |     2 ||     4
       Condenser vane    |       |       |       |       |       |       |     1 |     1 |     2 ||     4
  Use: Potion            |       |     2 |     4 |     1 |     5 |     1 |     2 |     3 |     5 ||    23
       Scroll            |       |     1 |       |    14 |     7 |     7 |    11 |    14 |    26 ||    80
 Stab: Sleeping          |       |     1 |       |       |       |       |       |       |       ||     1
       Distracted        |       |       |       |       |     4 |       |       |       |       ||     4
       Invisible         |       |       |       |       |       |       |       |     1 |       ||     1
Armor: Leather armour    |     9 |    24 |     8 |       |       |       |       |     8 |       ||    49
       Ring mail         |       |       |   134 |   348 |   282 |   191 |   100 |    61 |   115 ||  1231
       Scale mail        |       |       |       |       |       |       |       |    18 |       ||    18
       Robe              |       |       |       |       |       |       |       |       |    13 ||    13
Dodge: Dodged            |    39 |   102 |   262 |   647 |   610 |   273 |   173 |   161 |   257 ||  2524
Block: Kite shield       |       |       |       |       |   147 |   341 |   186 |   336 |   360 ||  1370
       Reflection        |       |       |       |       |       |       |     1 |    57 |    30 ||    88
       Rpst.: Falchion   |    13 |    20 |    18 |    30 |       |       |       |       |       ||    81
       Long sword        |       |       |       |    22 |    36 |    28 |       |       |       ||    86
       Double sword      |       |       |       |       |       |       |       |       |     1 ||     1
